Map: [ESL] Goldenaura

Players

SKillous - Winner!

  • Race: Protoss Protoss
  • League: Grandmaster
  • Spawn Location: 12:00

Harstem

  • Race: Protoss Protoss
  • League: Grandmaster
  • Spawn Location: 5:00

VOD

Have the link to the VOD?

Description

Time

  • Played on: Nov. 25, 2023, 11:55 a.m.
  • Length: 11:47
Show
View Real Time Build Order
Export as new Build Order

SKillous Protoss - Winner!

Build Orders: Phoenix Opening, Blink Stalkers 

Get SALT Encoding   

  12  0:00  Probe  
  13  0:12  Probe  
  14  0:17  Pylon  
  14  0:24  Probe (Chrono Boost)  
  15  0:36  Probe (Chrono Boost)  
  15  0:37  Gateway  
  16  0:45  Probe (Chrono Boost)  
  16  0:46  Assimilator  
  17  0:51  Probe  
  17  0:56  Assimilator  
  18  1:03  Probe (Chrono Boost)  
  19  1:08  Gateway  
  19  1:13  Probe (Chrono Boost)  
  19  1:18  Probe (Chrono Boost)  
  20  1:25  Cybernetics Core  
  21  1:35  Probe  
  21  1:37  Pylon  
  22  1:47  Probe  
  23  2:00  Probe  
  24  2:01  Stalker  
  24  2:02  Stalker, Warp Gate  
  28  2:16  Pylon  
  28  2:18  Pylon  
  28  2:31  Stalker  
  28  2:35  Stalker  
  32  2:52  Nexus  
  32  2:57  Probe  
  33  3:03  Sentry  
  35  3:05  Sentry  
  35  3:10  Probe  
  35  3:12  Shield Battery  
  38  3:21  Pylon  
  38  3:28  Twilight Council  
  38  3:31  Probe  
  39  3:39  Phoenix  
  38  3:43  Probe  
  38  3:48  Blink (Chrono Boost)  
  38  3:55  Probe  
  39  4:07  Probe  
  39  4:08  Probe  
  41  4:13  Stalker  
  41  4:15  Stalker  
  45  4:19  Probe (Chrono Boost)  
  47  4:26  Probe (Chrono Boost)  
  47  4:30  Probe (Chrono Boost)  
  48  4:34  Probe (Chrono Boost)  
  48  4:35  Probe (Chrono Boost)  
  50  4:41  Stalker x2  
  50  4:45  Probe x2  
  55  4:47  Pylon  
  56  4:57  Probe x2  
  58  5:04  Stalker x2  
  62  5:09  Probe  
  62  5:10  Probe  
  64  5:16  Nexus  
  64  5:19  Pylon  
  65  5:22  Probe  
  66  5:29  Stalker x2  
  66  5:32  Forge, Probe  
  70  5:37  Probe  
  71  5:44  Probe  
  71  5:49  Probe  
  62  5:59  Protoss Ground Weapons Level 1 (Chrono Boost)  
  62  6:00  Probe (Chrono Boost)  
  62  6:01  Probe (Chrono Boost)  
  61  6:06  Charge  
  61  6:07  Stalker x2  
  66  6:11  Gateway  
  66  6:13  Gateway x2, Probe x2 (Chrono Boost)  
  66  6:17  Shield Battery  
  67  6:21  Robotics Facility, Probe  
  67  6:23  Probe  
  69  6:28  Gateway  
  69  6:30  Probe  
  70  6:32  Stalker  
  70  6:34  Probe  
  70  6:37  Stalker  
  70  6:39  Probe  
  76  6:47  Gateway  
  76  6:48  Gateway  
  76  6:50  Probe  
  77  6:56  Stalker  
  79  7:01  Stalker  
  79  7:06  Nexus, Pylon  
  79  7:08  Pylon  
  81  7:13  Observer (Chrono Boost)  
  81  7:14  Zealot x2  
  86  7:16  Zealot, Pylon  
  86  7:18  Probe  
  86  7:21  Zealot  
  86  7:22  Zealot  
  93  7:24  Pylon  
  93  7:27  Warp Prism (Chrono Boost)  
  95  7:41  Stalker  
  95  7:42  Stalker x3, Zealot  
  104  7:53  Zealot x3  
  104  7:54  Photon Cannon  
  109  8:05  Zealot x5, Protoss Ground Weapons Level 2 (Chrono Boost)  
  117  8:20  Zealot x3  
  117  8:26  Zealot x4  
  101  8:46  Zealot x2  
  101  8:47  Zealot x6  
  115  8:55  Probe  
  116  8:58  Shield Battery  
  114  9:06  Zealot x4  
  114  9:07  Zealot x4  
  128  9:17  Probe x2  
  128  9:21  Pylon  
  130  9:24  Gateway  
  130  9:26  Gateway  
  124  9:34  Zealot x8  
  128  9:50  Stalker  
  130  9:54  Stalker x5  
  130  9:55  Stalker x2  
  142  10:12  Zealot x2  
  124  10:17  Zealot x6  
  118  10:23  Zealot x2  
  106  10:35  Zealot  
  106  10:36  Zealot  
  106  10:39  Zealot x6  
  104  10:44  Probe x2  
  107  10:53  Nexus  
  106  11:01  Pylon  
  106  11:03  Zealot x7  
  120  11:08  Observer (Chrono Boost)  
  108  11:20  Observer (Chrono Boost), Photon Cannon x2  
  108  11:21  Photon Cannon  
  108  11:22  Photon Cannon  
  99  11:30  Stalker x2  
  99  11:31  Stalker x4  
Show
View Real Time Build Order
Export as new Build Order

Harstem Protoss 

Build Orders: Blink Stalkers 

Get SALT Encoding   

  12  0:00  Probe  
  13  0:12  Probe  
  14  0:17  Pylon  
  14  0:24  Probe (Chrono Boost)  
  15  0:37  Gateway, Probe (Chrono Boost)  
  16  0:44  Probe (Chrono Boost)  
  16  0:47  Assimilator  
  17  0:51  Probe  
  17  0:55  Assimilator  
  18  1:03  Probe (Chrono Boost)  
  19  1:09  Gateway  
  19  1:13  Probe (Chrono Boost)  
  20  1:18  Probe  
  21  1:27  Cybernetics Core  
  21  1:30  Probe  
  22  1:38  Pylon  
  22  1:43  Probe  
  23  1:56  Probe  
  24  2:01  Warp Gate (Chrono Boost)  
  24  2:03  Stalker  
  24  2:04  Adept  
  28  2:08  Probe  
  28  2:14  Pylon  
  29  2:20  Probe  
  30  2:35  Sentry  
  32  2:44  Nexus  
  32  2:47  Probe  
  33  2:55  Stalker  
  34  2:59  Probe  
  34  3:01  Sentry  
  37  3:08  Pylon  
  37  3:14  Probe  
  38  3:20  Twilight Council  
  38  3:28  Probe  
  39  3:40  Probe  
  40  3:43  Stalker x2  
  42  3:54  Probe (Chrono Boost)  
  42  3:55  Blink (Chrono Boost)  
  43  3:56  Probe (Chrono Boost)  
  44  4:08  Probe (Chrono Boost)  
  46  4:10  Probe (Chrono Boost)  
  46  4:13  Stalker, Phoenix, Probe (Chrono Boost)  
  46  4:14  Stalker  
  51  4:18  Probe  
  51  4:23  Probe  
  53  4:26  Pylon  
  53  4:30  Probe  
  54  4:36  Stalker, Probe  
  54  4:37  Stalker  
  60  4:51  Nexus  
  60  4:52  Probe  
  60  4:56  Probe  
  61  5:02  Stalker x2  
  61  5:05  Probe  
  66  5:10  Robotics Facility  
  66  5:14  Pylon  
  66  5:19  Assimilator  
  67  5:22  Shield Battery  
  67  5:26  Stalker x2  
  70  5:32  Probe  
  70  5:34  Probe  
  72  5:37  Pylon  
  70  5:47  Probe  
  67  5:52  Stalker x2  
  67  5:53  Probe  
  68  5:59  Probe  
  70  6:05  Probe  
  70  6:06  Observer (Chrono Boost), Probe  
  70  6:07  Gateway, Forge  
  70  6:08  Gateway  
  72  6:11  Probe  
  72  6:17  Stalker, Observer, Probe  
  72  6:18  Stalker, Probe  
  80  6:23  Probe  
  81  6:26  Protoss Ground Weapons Level 1 (Chrono Boost)  
  81  6:29  Probe  
  81  6:30  Probe  
  83  6:35  Probe  
  83  6:37  Assimilator  
  84  6:41  Gateway, Probe  
  84  6:42  Probe  
  84  6:43  Gateway  
  84  6:45  Charge (Chrono Boost)  
  84  6:46  Stalker  
  88  6:48  Pylon  
  88  6:49  Stalker  
  88  6:50  Probe  
  88  6:54  Pylon  
  91  6:56  Probe x2  
  93  7:03  Immortal (Chrono Boost)  
  97  7:13  Gateway  
  97  7:14  Gateway  
  97  7:16  Pylon  
  97  7:18  Zealot, Sentry  
  101  7:27  Stalker x2  
  105  7:32  Warp Prism (Chrono Boost)  
  107  7:38  Zealot x3  
  113  7:44  Stalker  
  113  7:50  Stalker  
  117  7:53  Pylon x2  
  117  7:57  Pylon  
  117  8:04  Zealot x4  
  125  8:11  Zealot x3  
  130  8:20  Stalker  
  130  8:23  Pylon  
  130  8:33  Zealot x7, Protoss Ground Weapons Level 2 (Chrono Boost)  
  140  8:40  Photon Cannon  
  130  8:47  Stalker  
  130  8:49  Nexus  
  130  8:53  Zealot x3  
  136  8:57  Zealot x2  
  136  9:05  Zealot x2  
  136  9:06  Probe  
  136  9:08  Pylon  
  141  9:13  Stalker x2  
  141  9:20  Zealot x3, Observer  
  147  9:32  Zealot x3  
  147  9:37  Shield Battery  
  153  9:44  Probe  
  154  9:45  Dark Shrine  
  154  9:49  Nexus  
  154  9:51  Probe  
  155  9:53  Pylon  
  155  9:56  Stalker  
  155  9:58  Pylon  
  155  9:59  Pylon  
  155  10:08  Zealot x4  
  155  10:14  Zealot x3  
  135  10:15  Warp Prism (Chrono Boost)  
  135  10:21  Stalker x4  
  121  10:33  Probe  
  112  10:36  Stalker x4, Photon Cannon  
  112  10:40  Observer, Probe  
  101  10:48  Zealot x4  
  103  10:56  Shield Battery  
  103  10:58  Pylon  
  103  11:03  Sentry  
  105  11:04  Probe  
  105  11:10  Dark Templar  
  108  11:13  Dark Templar x3  
  99  11:20  Dark Templar x2  
  99  11:23  Dark Templar  
  85  11:26  Probe  
  85  11:29  Stalker  
  85  11:31  Probe x2  
  90  11:33  Pylon  
Tags
 
Add a new tag
Caveats
  • Supply blocks, unpowered buildings, or Contaminate may cause inaccurate times.
  • Supply counts are checked every 10 seconds.